[Event "*** Titled Tuesday Blitz"]
[Site "Chess.com"]
[Date "2020.12.29"]
[Round "2"]
[White "DanielNaroditsky"]
[Black "Siniauski"]
[Result "1-0"]
[WhiteElo "3122"]
[BlackElo "2603"]
[TimeControl "180+1"]
[EndTime "10:18:35 PST"]
[Termination "DanielNaroditsky won on time"]

1. b3 Nf6 2. Bb2 e6 3. e3 Be7 4. Nf3 O-O 5. d4 d5 6. Bd3 b6 7.
O-O Bb7 8. c4 c6 9. Nbd2 Nbd7 10. Qc2 Rc8 11. Rad1 Qc7 12. e4 dxe4 13. Nxe4 Nxe4 14.
Bxe4 Nf6 15. Bd3 h6 16. Rfe1 c5 17. Ne5 cxd4 18. Bxd4 Rfd8 19. Bc3 b5 20. Qe2 bxc4 21. bxc4 Bd6 22. h3 Bxe5 23. Bxe5 Qc6 24. f3 Nd7 25.
Be4 Qa6 26. Rd6 Nb6 27. c5 Qxe2 28. Rxe2 Rxd6 29. Bxd6 Nd5 30. Rb2 Bc6 31. Bd3 f6 32. Ba6 Rd8 33. Bb7 Ba4 34. Rd2 Kf7 35. Rd4 Be8 36.
Rd3 Ne7 37. Ra3 Bc6 38. Bxe7 Rd1+ 39. Kh2 Bxb7 40. Rxa7 Rd7 41. Bd6 Ke8 42. a4 Bd5 43.
Ra6 f5 44. a5 Kf7 45. Rb6 Ra7 46. a6 Kf6 47. Bb8 Rd7 48. c6 Rf7 49. a7 1-0

[Event "*** Titled Tuesday Blitz"]
[Site "Chess.com"]
[Date "2020.12.29"]
[Round "2"]
[White "maxip32"]
[Black "Rozum_Ivan"]
[Result "0-1"]
[WhiteElo "2500"]
[BlackElo "2742"]
[TimeControl "180+1"]
[EndTime "10:18:35 PST"]
[Termination "Rozum_Ivan won on time"]

1. e4 e5 2. Nf3 Nc6 3. Bc4 Be7 4.
O-O Nf6 5. d3 O-O 6. Re1 d6 7.
c3 h6 8. Nbd2 Be6 9. a4 Qd7 10.
Bxe6 fxe6 11. d4 exd4 12. cxd4 d5 13. e5 Nh7 14. Nf1 Rxf3 15. Qxf3 Nxd4 16. Qd3 c5 17. b4 b6 18. a5 Rf8 19. axb6 axb6 20.
bxc5 bxc5 21. f4 Nc6 22. Ng3 c4 23. Qf3 Bc5+ 24. Kh1 Nd4 25. Qd1 Nb3 26. Ra6 Bf2 27. Rf1 Bc5 28. Ba3 Bxa3 29. Rxa3 Rd8 30. Rxb3 cxb3 31. Qxb3 Qc7 32. Qd3 Nf8 33. h3 Nd7 34.
Nh5 Nc5 35. Qg6 Qf7 36. Qg4 Rf8 37. g3 Kh7 38. Rc1 Ne4 39. Kg2 g6 40. Nf6+ Nxf6 41.
exf6 Qxf6 42. Rc7+ Rf7 43. Rc6 Re7 44. Qe2 Qf5 45.
Qe3 g5 46. fxg5 hxg5 47. Ra6 Kg7 48. g4 Qf6 0-1

[Event "*** Titled Tuesday Blitz"]
[Site "Chess.com"]
[Date "2020.12.29"]
[Round "2"]
[White "Bacyanide"]
[Black "A-S-00"]
[Result "0-1"]
[WhiteElo "2438"]
[BlackElo "2269"]
[TimeControl "180+1"]
[EndTime "10:18:37 PST"]
[Termination "A-S-00 won on time"]

1. d4 Nf6 2. c4 g6 3. Nc3 Bg7 4. e4 d6 5. Nf3 O-O 6. Be2 Nbd7 7. O-O e5 8. Re1 exd4 9. Nxd4 c6 10. Bf4 Qe7 11.
Bf1 Rd8 12. Qd2 Ne5 13. h3 a5 14. Rad1 a4 15. Qc2 Nh5 16. Be3 a3 17. f4 Nd7 18. b3 Nc5 19. Nf3 Ne6 20. f5 Nf8 21. g4 Ng3 22. Bg2 Bxc3 23. Qxc3 Nxe4 24. Qd4 c5 25. Qd3 Re8 26. Bh6 gxf5 27. Ng5 Qf6 28. Bxf8 Qxg5 29. Bxd6 fxg4 30. Rxe4 Bf5 31. Rxe8+ Rxe8 32. Qg3 Re3 33. Qf4 Qxf4 34. Bxf4 Re2 35. Bh6 f6 36.
Bd5+ Be6 37. hxg4 Bxd5 38. Rxd5 Rxa2 39. Rd8+ Kf7 40. Ra8 Ra1+ 41. Kg2 a2 42. Bf4 Kg6 0-1

[Event "*** Titled Tuesday Blitz"]
[Site "Chess.com"]
[Date "2020.12.29"]
[Round "2"]
[White "capatl"]
[Black "serhanberat_ozdemir"]
[Result "0-1"]
[WhiteElo "2500"]
[BlackElo "2328"]
[TimeControl "180+1"]
[EndTime "10:18:38 PST"]
[Termination "serhanberat_ozdemir won by resignation"]

1. c4 Nf6 2. Nc3 g6 3. Nf3 Bg7 4. g3 O-O 5. Bg2 d6 6. O-O c6 7. d4 Qa5 8. h3 e5 9. dxe5 dxe5 10. Qc2 Bf5 11. e4 Be6 12. b3 Nbd7 13. Bb2 Qc7 14. Rac1 h6 15. Rfd1 Rfd8 16. Ba3 Bf8 17. Bxf8 Nxf8 18.
Na4 b6 19. Kh2 N6h7 20. Qc3 f6 21. Qe3 Ng5 22. Nh4 Nf7 23. Nc3 Rxd1 24. Rxd1 Rd8 25. Qf3 Kg7 26. Qe2 Bc8 27. Rxd8 Qxd8 28. Qd1 Qd4 29. Qxd4 exd4 30. Ne2 c5 31. Nc1 g5 32. Nf3 Ng6 33. Nd3 f5 34. Nd2 f4 35. gxf4 Nxf4 36.
Nxf4 gxf4 37. f3 Ne5 38. Bf1 Bd7 39. Be2 Kf6 40. Nb1 Kg5 41. Na3 Kh4 42. Bd1 a6 43.
Nb1 Bxh3 44. Nd2 Bd7 45. Be2 Kg5 46. Bf1 h5 47. Bh3 Bxh3 48. Kxh3 b5 49. cxb5 axb5 50. a4 c4 51. axb5 c3 52. Nc4 Nxc4 53. b6 Nxb6 0-1

[Event "*** Titled Tuesday Blitz"]
[Site "Chess.com"]
[Date "2020.12.29"]
[Round "2"]
[White "Khusenkhojaev"]
[Black "Chernobay_Artem"]
[Result "1-0"]
[WhiteElo "2436"]
[BlackElo "2647"]
[TimeControl "180+1"]
[EndTime "10:18:39 PST"]
[Termination "Khusenkhojaev won by resignation"]

1. Nf3 Nf6 2. c4 g6 3. d4 Bg7 4. g3 O-O 5. Bg2 d6 6. O-O c6 7. Nc3 Bf5 8. Ng5 e5 9. d5 h6 10. e4 Bd7 11. Nf3 Na6 12. Re1 cxd5 13. cxd5 b5 14.
Bf1 Qb6 15. Be3 Qb7 16. Nd2 Ng4 17. Bxb5 Nxe3 18. Bxa6 Qxa6 19. Rxe3 f5 20. Qe2 Qb7 21. Nc4 f4 22. Rd3 Rf6 23. gxf4 Rxf4 24. Rg3 g5 25. Nxd6 Qb6 26. Nf5 Rf8 27. Rf1 Bxf5 28. exf5 R8xf5 29. Ne4 Qd4 30. Nd6 Rf6 31. Rd3 Qb6 32. Ne8 Rf8 33. Nxg7 Kxg7 34. d6 Qc5 35. d7 Rd8 36. Rd2 Rf7 37.
Rfd1 Qd5 1-0

[Event "*** Titled Tuesday Blitz"]
[Site "Chess.com"]
[Date "2020.12.29"]
[Round "2"]
[White "MacDaddyMac"]
[Black "Chernov_Alexander_A"]
[Result "1/2-1/2"]
[WhiteElo "2482"]
[BlackElo "2312"]
[TimeControl "180+1"]
[EndTime "10:18:39 PST"]
[Termination "Game drawn by repetition"]

1. e4 e5 2. Nf3 Nc6 3. Bb5 Bc5 4. Nc3 Nd4 5. O-O c6 6. Ba4 d6 7.
h3 Nf6 8. Nxd4 Bxd4 9. Ne2 Bb6 10. d3 h6 11. c3 g5 12. Be3 Nh5 13. Bb3 Nf4 14. Nxf4 gxf4 15. Qh5 Qf6 16. Bxb6 axb6 17. d4 Qg6 18. Qxg6 fxg6 19. dxe5 dxe5 20. Rad1 Ke7 21. Kh2 Be6 22. Bxe6 Kxe6 23. a3 Rad8 24. f3 g5 25.
h4 Rhg8 26. Kh3 Rxd1 27. Rxd1 h5 28. hxg5 Rxg5 29. Rd2 b5 30. Kh4 Rg8 31. b3 Rh8 32. c4 bxc4 33. bxc4 Ra8 34. Kxh5 Rxa3 35. c5 Rc3 36. Rd6+ Ke7 37. Rh6 Rxc5 38. Rh7+ Ke6 39. Rxb7 Rc2 40. Rc7 c5 41. Kh4 c4 42. g4 fxg3 43.
Kxg3 c3 44. Rc6+ Kd7 45. Rc4 Kd6 46. Rc8 Kd7 47. Rc4 Kd6 48. Kh3 Rc1 49. Kg4 c2 50.
Kf5 Rf1 51. Rxc2 Rxf3+ 52. Kg5 Rf4 53. Rc4 Ke6 54. Ra4 Kd6 55. Kh5 Ke6 56. Kg6 Kd6 57.
Rc4 Ke6 58. Rc6+ Kd7 59. Rc4 Kd6 60. Kg5 Ke6 61. Rc6+ Kd7 62. Rc4 Kd6 63. Ra4 Ke6 64. Ra6+ Kd7 65. Ra7+ Kd6 66. Ra4 Kd7 67. Ra7+ Kd6 68.
Ra6+ Kd7 69. Ra4 Kd6 70. Rb4 Kd7 71. Kg6 Kd6 72. Kg5 Kd7 73. Kg6 Kd6 74. Kg5 1/2-1/2

[Event "*** Titled Tuesday Blitz"]
[Site "Chess.com"]
[Date "2020.12.29"]
[Round "2"]
[White "seorobert1971"]
[Black "NateSolon"]
[Result "1-0"]
[WhiteElo "2766"]
[BlackElo "2512"]
[TimeControl "180+1"]
[EndTime "10:18:40 PST"]
[Termination "seorobert1971 won by resignation"]

1. d4 Nf6 2. Nf3 d5 3. c4 e6 4.
Nc3 a6 5. cxd5 exd5 6. Bg5 Be6 7.
Bxf6 Qxf6 8. Qb3 b5 9. a4 b4 10. Nxd5 Qd8 11. e4 c6 12. Qe3 cxd5 13. exd5 Qxd5 14.
Rc1 Be7 15. Bd3 Ra7 16. Be4 Qb3 17. Bd3 O-O 18. d5 Qxd5 19. Qxa7 Qxd3 20. Qxe7 Qe4+ 21.
Kd2 Nc6 22. Rxc6 Qxc6 23. Qxb4 Rd8+ 24. Ke3 Bd5 25. Kf4 Qf6+ 26. Kg3 h5 27. h4 Bxf3 28. gxf3 Rd4 29. Qb8+ Kh7 30. Qc8 Qf4+ 31. Kg2 Rd6 32.
Rh3 Rg6+ 33. Rg3 Rxg3+ 34. fxg3 Qd2+ 35. Kh3 Qxb2 36. Qf5+ Kg8 37. Qxh5 g6 38. Qd5 Qa3 39. a5 Qa4 40. f4 Qa1 41. Kg4 Qf6 42. Qe5 Qc6 43.
Kg5 Qd7 44. Kh6 f6 45. Qb8+ Kf7 46. Qh8 Qg4 47. Qg7+ Ke6 48. Qxg6 1-0

[Event "*** Titled Tuesday Blitz"]
[Site "Chess.com"]
[Date "2020.12.29"]
[Round "2"]
[White "kobemagic"]
[Black "Chess2019Player"]
[Result "1-0"]
[WhiteElo "2437"]
[BlackElo "2210"]
[TimeControl "180+1"]
[EndTime "10:18:40 PST"]
[Termination "kobemagic won on time"]

1. c4 Nf6 2. g3 c5 3. Bg2 Nc6 4. Nf3 g6 5. O-O Bg7 6. Nc3 O-O 7. a3 d5 8. cxd5 Nxd5 9. Nxd5 Qxd5 10.
d3 Qd6 11. Bf4 e5 12. Be3 b6 13. Rb1 Bb7 14. b4 cxb4 15. axb4 Nxb4 16. Qa4 Nd5 17. Bd2 Bc6 18. Qb3 Rfe8 19. Ng5 Rac8 20. e4 Nc7 21. Qxf7+ Kh8 22. Bh3 Rf8 23. Qc4 b5 24.
Nf7+ Rxf7 25. Qxf7 Rf8 26. Qa2 Qxd3 27. Bg2 Bxe4 28.
Bxe4 Qxe4 29. Qxa7 Ne6 30. Qe3 Qd5 31. Bc3 Nd4 32.
Bxd4 exd4 33. Qd3 Rf5 34. Rfe1 h6 35. Re7 Bf6 36. Re8+ Kh7 37. Rbe1 Bg7 38. Rb8 Qa2 39. Rf1 Qd5 40. Re1 Qa2 41. Re2 Qd5 42. h4 Qd6 43. Rbe8 1-0

[Event "*** Titled Tuesday Blitz"]
[Site "Chess.com"]
[Date "2020.12.29"]
[Round "2"]
[White "theturtlemoves"]
[Black "Klavdia_Nik"]
[Result "0-1"]
[WhiteElo "2362"]
[BlackElo "2075"]
[TimeControl "180+1"]
[EndTime "10:18:40 PST"]
[Termination "Klavdia_Nik won by resignation"]

1. e4 e6 2. d4 d5 3. Nc3 dxe4 4. Nxe4 Bd7 5. Nf3 Bc6 6. Ng3 Nd7 7. Bd3 Ngf6 8. O-O Be7 9. b3 O-O 10. Bb2 b6 11.
Re1 Bb7 12. Qe2 c5 13. Rad1 cxd4 14. Nxd4 Bb4 15. c3 Bc5 16. Nh5 Bxd4 17. cxd4 Nd5 18. Bb1 g6 19. Rd3 N7f6 20. Rg3 Nxh5 21. Qxh5 Nf4 22.
Qh6 Qf6 23. d5 Qxb2 24. Qxf4 Bxd5 25. Rh3 Rac8 26. Qh4 Qg7 27. Bd3 Rc3 28. Rd1 Rfc8 29. Qf4 h5 30. Bf1 Qf8 31. Rxc3 Rxc3 32. Qd2 Qc5 33. Qd4 Qxd4 34. Rxd4 Rc2 35. Ra4 a5 36. b4 Rxa2 37. Rxa2 Bxa2 38. bxa5 bxa5 39. Bb5 Bb3 40. Kf1 a4 41. Ke1 a3 42. Kd2 a2 43. Kc3 a1=Q+ 0-1

[Event "*** Titled Tuesday Blitz"]
[Site "Chess.com"]
[Date "2020.12.29"]
[Round "2"]
[White "FMalexhdez"]
[Black "kleopl"]
[Result "0-1"]
[WhiteElo "2275"]
[BlackElo "2471"]
[TimeControl "180+1"]
[EndTime "10:18:41 PST"]
[Termination "kleopl won on time"]

1. e4 c6 2. d4 d5 3. exd5 cxd5 4. Bd3 Nc6 5. c3 Nf6 6. Bg5 Bg4 7. Qb3 Qd7 8. Nd2 e6 9. Ngf3 Bd6 10. O-O O-O 11.
Rfe1 Rab8 12. Bh4 a6 13. a4 Rfc8 14. Bg3 Bxg3 15. hxg3 b5 16. axb5 axb5 17. Ne5 Qb7 18. Nxg4 Nxg4 19. Qd1 Nf6 20. g4 h6 21. Re3 Ra8 22.
Rxa8 Rxa8 23. Rg3 b4 24. g5 hxg5 25. Nb3 bxc3 26. bxc3 Ra3 27. Bc2 Ne4 28. Bxe4 Qxb3 29. Qh5 dxe4 30. Rh3 Kf8 31. Qxg5 Ra1+ 32. Kh2 Qb8+ 33.
g3 Kg8 34. Qh5 f6 35. Qh7+ Kf7 36. Qxe4 Qd6 37. Rh7 Qd5 38. Qxd5 exd5 39. Rh5 Ke6 40.
Rh7 g5 41. Rc7 Kd6 42. Rf7 Ke6 43. Rc7 Ra6 44. Kh3 Ne7 45. Kg4 Rc6 46. Rb7 Rxc3 47.
f4 gxf4 48. gxf4 f5+ 49. Kg5 Rg3+ 50. Kh6 Rg4 51. Rb6+ Kf7 0-1

[Event "*** Titled Tuesday Blitz"]
[Site "Chess.com"]
[Date "2020.12.29"]
[Round "2"]
[White "Aslanov_Umid"]
[Black "amatatanav"]
[Result "0-1"]
[WhiteElo "2239"]
[BlackElo "2446"]
[TimeControl "180+1"]
[EndTime "10:18:41 PST"]
[Termination "amatatanav won by checkmate"]

1. e4 c5 2. Nf3 Nc6 3. d4 cxd4 4.
Nxd4 g6 5. Be3 Nf6 6. f3 d5 7.
Nxc6 bxc6 8. exd5 cxd5 9. Nc3 Bg7 10. Bb5+ Bd7 11. Bxd7+ Qxd7 12. O-O O-O 13. Bd4 e6 14. Kh1 Rab8 15. Rb1 Rfc8 16. Qd2 Rc4 17. Rfd1 Qc7 18. Qe2 Ng4 19. fxg4 Bxd4 20. Nb5 Rxb5 21. Rxd4 Rxd4 22. Qxb5 Qxc2 23. Rf1 Qc7 24. h3 Rf4 25. Re1 h6 26. a4 Kg7 27. a5 Qc2 28. Re2 Qd1+ 29. Kh2 Qd4 30. Qb3 Qc4 31. Qxc4 Rxc4 32. Re3 Rb4 33. b3 Rb5 34. b4 Rxb4 35. Rc3 Rb5 36. a6 Rb6 37.
Ra3 g5 38. Kg3 Kf6 39. Kf3 Ke7 40. Ke3 Kd6 41. Kd4 e5+ 42. Kd3 e4+ 43. Kd4 Rb4+ 44. Kc3 Rc4+ 45. Kd2 Ke5 46. Ra5 Rc6 47. Ke3 Rb6 48. Rc5 Rb2 49. Rc7 d4# 0-1

[Event "*** Titled Tuesday Blitz"]
[Site "Chess.com"]
[Date "2020.12.29"]
[Round "2"]
[White "KhamzinOlzhas"]
[Black "Witik"]
[Result "0-1"]
[WhiteElo "2484"]
[BlackElo "2714"]
[TimeControl "180+1"]
[EndTime "10:18:42 PST"]
[Termination "Witik won on time"]

1. d4 d5 2. c4 e6 3. Nc3 c6 4. Nf3 dxc4 5. Ne5 b5 6. a4 Bb4 7. e3 Nf6 8. Be2 a6 9. axb5 cxb5 10. Bf3 Nd5 11. O-O Bb7 12. Nxd5 exd5 13. Bd2 Bxd2 14. Qxd2 O-O 15. Bg4 Qd6 16. f4 f6 17. Nf3 Nc6 18. Bf5 g6 19. Bc2 Kg7 20. Kh1 Rae8 21. Nh4 Qb4 22. Qc1 Re7 23. Rf3 f5 24. Rg3 Bc8 25. Nf3 Qd6 26. Ne5 Nxe5 27. fxe5 Qb6 28.
Qf1 Be6 29. Qf4 b4 30. Rh3 Kg8 31. Qg5 Rg7 32. Rf1 b3 33. Bb1 c3 34. bxc3 b2 35.
e4 dxe4 36. Qd2 a5 37. d5 Bc8 38. d6 Be6 39. Qf2 Qxf2 40. Rxf2 Rb8 41. c4 Bxc4 42. Ra3 Ra7 43. Rd2 e3 0-1

[Event "*** Titled Tuesday Blitz"]
[Site "Chess.com"]
[Date "2020.12.29"]
[Round "2"]
[White "Margarita2907"]
[Black "profofchess"]
[Result "0-1"]
[WhiteElo "2184"]
[BlackElo "2416"]
[TimeControl "180+1"]
[EndTime "10:18:42 PST"]
[Termination "profofchess won on time"]

1. e4 e6 2. d4 d5 3. Nd2 Nf6 4. e5 Nfd7 5. Bd3 c5 6. c3 Nc6 7. Ne2 cxd4 8. cxd4 f6 9. exf6 Nxf6 10. Nf3 Bd6 11. O-O Qc7 12. Bg5 O-O 13. Rc1 Bd7 14. Bh4 Nh5 15. Ng3 Nf4 16. Bb1 Rae8 17. Qc2 g6 18. Ne2 Qb6 19. Nxf4 Rxf4 20. Bg3 Nxd4 21. Nxd4 Rxd4 22. Bxd6 Qxd6 23. Rfd1 Rxd1+ 24. Rxd1 Qe5 25. h3 Rc8 26. Qd2 Kg7 27. Re1 Qf6 28. Bd3 e5 29. f3 Bc6 30. Qe3 a6 31. Qxe5 Qxe5 32. Rxe5 Kf6 33.
Re2 Bb5 34. Bxb5 axb5 35. Kf2 d4 36. Rd2 Ke5 37. Ke2 Rc1 38. Kd3 Kd5 39. b3 b4 40.
Ke2 Ra1 41. Kf2 g5 42. Re2 d3 43. Rd2 Kd4 44. g3 Kc3 0-1

[Event "*** Titled Tuesday Blitz"]
[Site "Chess.com"]
[Date "2020.12.29"]
[Round "2"]
[White "CheckThis4"]
[Black "Kosak12"]
[Result "1-0"]
[WhiteElo "2533"]
[BlackElo "2768"]
[TimeControl "180+1"]
[EndTime "10:18:43 PST"]
[Termination "CheckThis4 won by resignation"]

1. e4 c5 2. Nf3 e6 3. d4 cxd4 4. Nxd4 a6 5. Nc3 Qc7 6. g3 Nf6 7. Bg2 Nc6 8. O-O Nxd4 9. Qxd4 Bc5 10. Qd3 d6 11. Bg5 Ng4 12. Qe2 Ne5 13. Rad1 b5 14. Kh1 Bb7 15. f4 Nc4 16. f5 h6 17. fxe6 hxg5 18.
Rxf7 Qxf7 19. exf7+ Kxf7 20. Rf1+ Ke7 21. Nd5+ Bxd5 22.
exd5+ Ne5 23. b4 Bb6 24. Rf5 Bd4 25. Qe4 Bb2 26. Rxg5 g6 27. Rxg6 Raf8 28. Rg7+ Kd8 29. Qe3 Rf7 30. Qb6+ Ke7 31. Qc7+ Kf6 32. Rxf7+ Nxf7 33. Qd7 Be5 34. Qe6+ Kg7 35. Be4 Rh6 36. Qg4+ Kf8 37.
Bf5 Rf6 38. Be6 Nh6 39. Qh5 Kg7 40. Kg2 Rg6 41. Qf3 Rf6 42. Qe3 Kf8 43. Qa7 Nf7 44. Bxf7 Rxf7 45. Qxa6 Kg7 46. Qxb5 Bd4 47. Qd3 Rf2+ 48.
Kh3 Bf6 49. a4 Kh6 50. a5 Be5 51. a6 Rf7 52. b5 Kg5 53. Kg2 1-0

[Event "*** Titled Tuesday Blitz"]
[Site "Chess.com"]
[Date "2020.12.29"]
[Round "2"]
[White "Mazetovic"]
[Black "KononenkoD"]
[Result "0-1"]
[WhiteElo "2819"]
[BlackElo "2469"]
[TimeControl "180+1"]
[EndTime "10:18:43 PST"]
[Termination "KononenkoD won by resignation"]

1. e4 c6 2. d4 d5 3. e5 Bf5 4.
Nf3 e6 5. Be2 Ne7 6. O-O c5 7.
Be3 Nec6 8. c3 Nd7 9. Nbd2 Be7 10. Ne1 Qb6 11. b3 cxd4 12. cxd4 Nxd4 13. Ndf3 Nxe2+ 14. Qxe2 Bc5 15. Bxc5 Nxc5 16. Nd4 Be4 17. Qe3 O-O 18. f3 Bg6 19. Rc1 Rac8 20. Rc3 Na6 21. Rf2 Rxc3 22. Qxc3 Nb4 23. Rd2 Nc6 24. Kf1 Nxe5 25.
Qe3 Nc6 26. g3 Nxd4 27. Qxd4 Qxd4 28. Rxd4 Rc8 29. Ke2 Kf8 30. Kd2 Ke7 31. Ra4 a6 32. Rb4 Rc7 33. Rb6 Kd7 34. a4 Kc8 35. g4 Rc6 36.
Rb4 Kc7 37. h4 h6 38. h5 Bh7 39. Rf4 f6 40. Rd4 Kd6 41. f4 e5 42. fxe5+ fxe5 43. Rb4 Kc7 44. g5 Be4 45. gxh6 gxh6 46. Nd3 Bxd3 47.
Kxd3 Rb6 48. Rg4 Rxb3+ 49. Kc2 Rh3 50. Rg7+ Kb8 51. Re7 Rxh5 52. Re6 d4 53. Kd3 Kc7 54. a5 e4+ 55. Kxd4 Rxa5 56. Rxh6 Ra4+ 57. Kc3 Ra3+ 58. Kb4 Rd3 59. Rh7+ Rd7 60. Rh4 Re7 61. Rh2 e3 62. Re2 Kc6 63. Kc3 Kc5 64. Kd3 Kd5 65. Rc2 e2 0-1

[Event "*** Titled Tuesday Blitz"]
[Site "Chess.com"]
[Date "2020.12.29"]
[Round "2"]
[White "MillyNeuf"]
[Black "chescomhuynya"]
[Result "1/2-1/2"]
[WhiteElo "2337"]
[BlackElo "2595"]
[TimeControl "180+1"]
[EndTime "10:18:43 PST"]
[Termination "Game drawn - insufficient material"]

1. e4 d5 2. exd5 Nf6 3. d4 Bg4 4. Be2 Bxe2 5. Nxe2 Qxd5 6. O-O Nc6 7. c3 e6 8. Nd2 O-O-O 9. Nf3 h6 10. Nf4 Qf5 11. Qd3 g5 12. Qxf5 exf5 13. Nd3 Bd6 14. Re1 Rhe8 15. Bd2 Ne4 16. Rad1 Nxd2 17. Nxd2 f6 18.
f3 Ne7 19. Re6 Nd5 20. Rde1 Rxe6 21. Rxe6 Kd7 22. Re1 b5 23. Nb3 Re8 24. Nbc5+ Kd8 25. Nb7+ Kd7 26. Rxe8 Kxe8 27. Nxd6+ cxd6 28. Kf2 Kd7 29.
g3 a5 30. Ke2 a4 31. Kd2 h5 32. b3 axb3 33. axb3 Ke6 34. c4 bxc4 35. bxc4 Nb6 36. Kc3 Kd7 37. d5 Ke7 38. Kd4 Kd7 39. c5 dxc5+ 40.
Nxc5+ Kd6 41. Nb7+ Kc7 42. Nc5 Kd6 43. Nb7+ Kc7 44.
Nc5 Nc8 45. Ne6+ Kd6 46. Ng7 Ne7 47. Nxh5 Nxd5 48. g4 fxg4 49. fxg4 Ke6 50. Ke4 Ne7 51. Ng3 Ng6 52. Kf3 Ne5+ 53. Kg2 Nxg4 54. h3 Ne5 55. Ne2 f5 56. Kg3 Kd5 57. h4 g4 58.
Kf4 Ke6 59. Nd4+ Kf6 60. Nxf5 Ng6+ 61. Kxg4 Nxh4 1/2-1/2

[Event "*** Titled Tuesday Blitz"]
[Site "Chess.com"]
[Date "2020.12.29"]
[Round "2"]
[White "swisspower96"]
[Black "jens1102"]
[Result "1-0"]
[WhiteElo "2662"]
[BlackElo "2373"]
[TimeControl "180+1"]
[EndTime "10:18:44 PST"]
[Termination "swisspower96 won by resignation"]

1. d4 Nf6 2. c4 e6 3. Nf3 b6 4. g3 Bb7 5. Bg2 Be7 6. O-O O-O 7. Re1 d5 8. cxd5 exd5 9. Bf4 c5 10. Nc3 Nc6 11. Rc1 a6 12. dxc5 Bxc5 13. Bg5 Qd6 14.
Na4 Bb4 15. Rf1 b5 16. a3 bxa4 17. axb4 Nxb4 18. Qxa4 a5 19. Bh3 Bc8 20. Bg2 Bd7 21. Qd1 Rfc8 22. Qd4 Ne4 23. Bf4 Qe7 24. Ne5 Bf5 25.
Nd3 Rxc1 26. Rxc1 Nxd3 27. exd3 Nf6 28. Bg5 Re8 29. Bd2 h6 30. h3 Qe2 31. Bxa5 Rc8 32. Rxc8+ Bxc8 33. Bc3 Qd1+ 34. Kh2 Be6 35. Qf4 Nd7 36.
Qd4 Nf6 37. Qa7 Qxd3 38. Qb8+ Kh7 39. Qf4 Qf5 40. Qe3 Nd7 41. Bd4 Qg6 42. b4 Nf6 43. b5 Qh5 44. Qd3+ Bf5 45. Qc3 Ng4+ 46. Kg1 Nf6 47. Bxf6 gxf6 48. g4 Bxg4 49. hxg4 Qxg4 50. Qd3+ Qg6 51. Qxg6+ fxg6 52. b6 1-0

[Event "*** Titled Tuesday Blitz"]
[Site "Chess.com"]
[Date "2020.12.29"]
[Round "2"]
[White "stephan97"]
[Black "noblerone"]
[Result "0-1"]
[WhiteElo "2233"]
[BlackElo "2445"]
[TimeControl "180+1"]
[EndTime "10:18:44 PST"]
[Termination "noblerone won by resignation"]

1. d4 d5 2. c4 c6 3. Nf3 Nf6 4. Nc3 dxc4 5. a4 Bf5 6. e3 e6 7.
Be2 Bb4 8. O-O Nbd7 9. Bxc4 O-O 10. Qe2 Bg6 11. Bd2 a5 12. Rac1 Qe7 13. Bd3 Bxd3 14. Qxd3 e5 15. dxe5 Nxe5 16. Nxe5 Qxe5 17. Qe2 Rad8 18. Rfd1 h6 19. Be1 Qe6 20. Rxd8 Rxd8 21. Rd1 Re8 22. Rd4 Qb3 23. h3 Bc5 24. Rd1 Bb4 25. Rd4 Nh7 26. h4 Nf6 27. g3 Qe6 28. Qd3 Qh3 29. Qf1 Qe6 30. Qd3 Qe7 31. Qd1 h5 32. Ne2 Bxe1 33. Qxe1 Ng4 34. Nf4 g6 35. Qd2 Ne5 36. Kg2 Qf6 37. Rd6 Qf5 38. f3 Nc4 39.
Qd3 Nxd6 40. Qxd6 Rxe3 41. Qd8+ Kh7 42. Qd4 Re7 43. b3 Qe5 44. Qd3 Qb2+ 45. Kh3 Qe5 46. Kg2 Qf5 47. Qd4 b5 48. Qc3 bxa4 49. bxa4 Rb7 50.
Qxc6 Rb2+ 51. Kf1 Qb1+ 0-1

[Event "*** Titled Tuesday Blitz"]
[Site "Chess.com"]
[Date "2020.12.29"]
[Round "2"]
[White "chessuriel"]
[Black "Nadeev_Sergey"]
[Result "0-1"]
[WhiteElo "2226"]
[BlackElo "2442"]
[TimeControl "180+1"]
[EndTime "10:18:44 PST"]
[Termination "Nadeev_Sergey won by resignation"]

1. e4 e5 2. Nf3 Nc6 3. Bb5 a6 4. Ba4 Nf6 5. O-O Be7 6. Re1 b5 7. Bb3 O-O 8. c3 d5 9. exd5 Nxd5 10. d4 exd4 11. cxd4 Bf6 12. Nc3 Be6 13. Ne4 Be7 14.
Neg5 Bf5 15. Ne5 Ncb4 16. Qf3 Bg6 17. Nc6 Nxc6 18. Qxd5 Nxd4 19. Nf3 Nxb3 20. Qxb3 c5 21. Ne5 Bf6 22. Qf3 Qc7 23. Bf4 Bxe5 24. Bxe5 Qb6 25. Qc3 f6 26. Bg3 Rfe8 27. f3 b4 28. Qc4+ Bf7 29. Qh4 c4+ 30. Bf2 Qb5 31. Qg3 Rac8 32.
Bd4 Bg6 33. h4 Qd5 34. Qf4 Rcd8 35. Red1 Bd3 36. Bf2 Qe5 37. Qg4 f5 38. Qg5 f4 39.
Qg4 Rd6 40. Re1 Be2 41. Qh3 Rde6 42. Qg4 Qf6 43. h5 Qxb2 44. Rac1 Qf6 45. Qh3 c3 46. Qg4 a5 47. Qh3 a4 48. Qg4 b3 49. Bh4 Qe5 50.
h6 Rg6 51. Bg5 Rxg5 52. Qxf4 Qxf4 0-1

[Event "*** Titled Tuesday Blitz"]
[Site "Chess.com"]
[Date "2020.12.29"]
[Round "2"]
[White "zmeeed67"]
[Black "kinga2008"]
[Result "1-0"]
[WhiteElo "2410"]
[BlackElo "2166"]
[TimeControl "180+1"]
[EndTime "10:18:44 PST"]
[Termination "zmeeed67 won by resignation"]

1. e4 c5 2. g3 Nc6 3. Bg2 e5 4. Ne2 Nf6 5. Nbc3 a6 6. O-O b5 7. Nd5 Bb7 8. Nxf6+ Qxf6 9. Nc3 Nd4 10.
f4 Bd6 11. d3 O-O 12. fxe5 Qxe5 13. Bf4 Qe6 14. Bxd6 Qxd6 15. Ne2 f5 16. c3 Nxe2+ 17.
Qxe2 fxe4 18. dxe4 Rxf1+ 19. Rxf1 Qe7 20. a4 Bc6 21. axb5 Bxb5 22. c4 Bc6 23. Qd3 Re8 24. Re1 Qe5 25. b3 Qd4+ 26. Qxd4 cxd4 27. Rd1 Bxe4 28. Rxd4 Bxg2 29. Kxg2 Re3 30. b4 Rb3 31. c5 Kf8 32. Rxd7 Ke8 33. Rxg7 Rxb4 34. Rxh7 Rc4 35. Ra7 Rxc5 36. Rxa6 Kd7 37. Rf6 Ke7 38. Rf4 Ke6 39. h4 Ke5 40. Kh3 Rc1 41. h5 Rc8 42. Kh4 Rh8 43.
Rf1 Ke6 44. g4 Ra8 45. h6 Ra2 46. Kh5 Rh2+ 47. Kg6 Rh4 48. g5 Ke5 49. h7 Rh2 50.
Kg7 1-0

[Event "*** Titled Tuesday Blitz"]
[Site "Chess.com"]
[Date "2020.12.29"]
[Round "2"]
[White "alexrustemov"]
[Black "Eloist"]
[Result "1-0"]
[WhiteElo "2667"]
[BlackElo "2335"]
[TimeControl "180+1"]
[EndTime "10:18:45 PST"]
[Termination "alexrustemov won on time"]

1. d4 e6 2. c4 Nf6 3. Nf3 b6 4. a3 Ba6 5. Qc2 Bb7 6. Nc3 c5 7. d5 exd5 8. cxd5 Nxd5 9. Bd2 Be7 10. e4 Nxc3 11. Bxc3 O-O 12. O-O-O Nc6 13. Bc4 Qc7 14.
Kb1 Rac8 15. Qd3 Nd4 16. Bxd4 cxd4 17. Bd5 Bxd5 18. exd5 Bf6 19. Nxd4 Qf4 20. Rd2 Rfe8 21. g3 Qe5 22. Nb5 a6 23. Nc3 b5 24. Re2 Qd4 25. Qxd4 Bxd4 26. Ne4 f5 27. Rd1 Bb6 28. Nc3 Rxe2 29. Nxe2 Bxf2 30. Rf1 Bc5 31. Rxf5 Re8 32. Nc3 d6 33. Rf3 Re1+ 34. Kc2 Rh1 35. h4 Rh2+ 36. Kb3 Rd2 37. g4 Rd4 38. Rg3 h5 39. gxh5 Rxh4 40. Rg5 Kh7 41. a4 Kh6 42. Rf5 bxa4+ 43. Kc2 Rg4 44.
Rf8 Rg2+ 45. Kd3 Kxh5 46. Nxa4 Rg3+ 47. Kc2 1-0

[Event "*** Titled Tuesday Blitz"]
[Site "Chess.com"]
[Date "2020.12.29"]
[Round "2"]
[White "andriipalchuk"]
[Black "Kaslask"]
[Result "1-0"]
[WhiteElo "2473"]
[BlackElo "2289"]
[TimeControl "180+1"]
[EndTime "10:18:45 PST"]
[Termination "andriipalchuk won on time"]

1. e4 c5 2. Nf3 Nc6 3. Bb5 g6 4. Bxc6 dxc6 5. d3 Bg7 6. h3 e5 7. Nc3 Ne7 8. Be3 b6 9. Qd2 h6 10. O-O Be6 11. Nh2 g5 12. h4 f6 13. h5 Qd7 14. f3 f5 15. a3 a5 16. b4 O-O 17.
bxc5 b5 18. Ne2 Kh7 19. Rad1 f4 20. Bf2 Ng8 21. d4 Bc4 22. dxe5 Qf7 23. Nd4 Bxf1 24. Rxf1 Qc4 25. Nxc6 Rac8 26. Qd7 Qf7 27. Qxf7 Rxf7 28. Nxa5 Bxe5 29. Ng4 Bg7 30. c6 Ra8 31. Bb6 Nf6 32. Nxf6+ Bxf6 33. Rd1 Rc8 34. Rd5 Bc3 35. Rxb5 Bxa5 36.
Bxa5 Rxc6 37. c3 Rd7 38. Bb4 Rc8 39. a4 g4 40. fxg4 Rg8 41. e5 Rxg4 42. e6 Rd2 43. Rb7+ Kg8 44. Rb8+ Kg7 45. Bc5 Rgxg2+ 46. Kf1 f3 47. Bd4+ 1-0